 Dungeon Crawl Stone Soup version 0.17.1-3-g152610e (webtiles) character file.

401 MenacingMecha the Cudgeler (level 6, -7/38 HPs)
             Began as a Gargoyle Fighter on Feb 26, 2016.
             Mangled by an ogre
             ... wielding a +0 giant club
              (16 damage)
             ... on level 5 of the Dungeon.
             The game lasted 00:09:20 (2573 turns).

MenacingMecha the Cudgeler (Gargoyle Fighter)       Turns: 2573, Time: 00:09:20

Health: -7/38      AC: 14    Str: 19    XL:     6   Next: 85%
Magic:  6/6        EV:  5    Int: 11    God:
Gold:   156        SH:  9    Dex: 13    Spells: 0 memorised, 5 levels left

rFire  . . .     SeeInvis .     E - +0 morningstar
rCold  . . .     Clarity  +     h - +0 chain mail
rNeg   + . .     SustAt   .     c - +0 shield
rPois  ∞         Gourm    .     (helmet restricted)
rElec  +         Spirit   .     m - +2 cloak
rCorr  .         Warding  .     (no gloves)
rMut   .         Stasis   .     r - +0 pair of boots
MR     .....                    p - amulet of clarity
Stlth  ..........               (no ring)
                                (no ring)

@: not resistant to hostile enchantments, extremely unstealthy
A: antennae 1, rugged brown scales 1, thin skeletal structure 1, clever 1,
deformed body, deterioration 1, negative energy resistance 1, electricity
resistance, unbreathing, petrification resistance, rot immunity, AC +4
a: no special abilities


You were on level 5 of the Dungeon.
You were not hungry.

You visited 1 branch of the dungeon, and saw 5 of its levels.

You collected 205 gold pieces.
You spent 49 gold pieces at shops.

Inventory:

Hand Weapons
 a - a +0 flail
 E - a +0 morningstar (weapon)
Armour
 b - a +0 scale mail
 c - a +0 shield (worn)
 h - a +0 chain mail (worn)
 j - a +0 helmet
 m - a +2 cloak (worn)
 r - a +0 pair of boots (worn)
Jewellery
 f - an uncursed amulet of guardian spirit {unknown}
 p - an amulet of clarity (around neck)
 w - a cursed -6 ring of dexterity {unknown}
 z - a +3 ring of evasion {unknown}
Wands
 D - a wand of flame (14)
Scrolls
 i - 5 scrolls of identify {unknown}
 q - 2 scrolls of immolation {unknown}
 s - 3 scrolls of remove curse {unknown}
 x - a scroll of enchant weapon {unknown}
 y - a scroll of amnesia {unknown}
 C - a scroll of random uselessness {unknown}
Potions
 d - a potion of flight {unknown}
 k - 2 potions of agility {unknown}
 l - a potion of curing {unknown}
 n - a potion of magic {unknown}
 o - 3 potions of heal wounds {unknown}
 t - 5 potions of brilliance {unknown}
 u - 2 potions of degeneration {unknown}
 F - a potion of poison
Comestibles
 e - 3 bread rations
 g - 2 meat rations
 v - 2 beef jerkies
 B - 4 fruits


   Skills:
 - Level 3.2 Fighting
 + Level 7.1 Maces & Flails
 - Level 3.2 Armour
 - Level 3.2 Shields


You had 5 spell levels left.
You didn't know any spells.

Dungeon Overview and Level Annotations

Branches:
Dungeon (5/15)
 Temple: D:4-7

Altars:
Ru
Vehumet
Xom
Zin

Shops:
D:5 !

Annotations:
D:2 angel(behind translucent stone wall)
D:3 Sigmund


Innate Abilities, Weirdness & Mutations

You are resistant to torment.
Your stone body is resilient (AC +4).
You are immune to poison.
You resist negative energy.
You are resistant to electric shocks.
You can survive without breathing.
You are immune to petrification.
You are immune to rotting.
You have a pair of small antennae on your head.
You are partially covered in rugged brown scales (AC +1, +3% HP).
You have a somewhat thin skeletal structure (Dex +2, Stealth).
Your mind is acute. (Int +2)
Armour fits poorly on your strangely shaped body.
Your body sometimes deteriorates upon taking damage.


Message History

There isn't anything here!
Search for what [? for help]? helm Can't find anything matching that.
You open the door.
There is an open door here.
An ogre comes into view. It is wielding a giant club.
The ogre shouts!
You barely miss the ogre. The ogre hits you with a giant club!!
Ouch! That really hurt!
You hit the ogre.
The ogre is lightly wounded.
You block the ogre's attack.
You sock the ogre!
The ogre is heavily wounded.
The ogre hits you with a giant club!
* * * LOW HITPOINT WARNING * * *
You puncture the ogre!
The ogre is almost dead.
The ogre hits you with a giant club!
You die...

# #...∩# #
#.#### #.#
####### #.#
#.....# #.#
#.....# ##'##
#.....# #...#
#.....# #...#
#O....#
#...####@....##
#...............
+...............
#.....##......##
#...#.##......#
#...#..######.#
#...#... .#
#####...# #
#...#


You could see an ogre.

Vanquished Creatures
  A phantom (D:4)
  A scorpion (D:5)
  An orc priest (D:4)
  Jessica (D:3)
  3 iguanas (D:4)
  A worker ant (D:4)
  5 adders
  3 worms
  2 giant geckos (D:4)
  4 orcs (D:4)
  4 bats
  5 goblins
  15 hobgoblins
  2 quokkas
  2 ball pythons
  A ball python skeleton (D:4)
  2 giant cockroaches (D:2)
  5 giant newts
  5 kobolds
  6 rats
69 creatures vanquished.

Notes
Turn   | Place    | Note
--------------------------------------------------------------
     0 | D:1      | MenacingMecha the Gargoyle Fighter began the quest for the Orb.
     0 | D:1      | Reached XP level 1. HP: 14/14 MP: 1/1
   257 | D:1      | Reached XP level 2. HP: 16/19 MP: 2/2
   792 | D:2      | Found a sacrificial altar of Ru.
   809 | D:2      | Noticed an angel
   809 | D:2      | Found a glowing silver altar of Zin.
   809 | D:2      | Found a shimmering altar of Xom.
   866 | D:2      | Reached XP level 3. HP: 23/23 MP: 3/3
  1023 | D:2      | Reached skill level 4 in Maces & Flails
  1226 | D:2      | Reached XP level 4. HP: 28/28 MP: 4/4
  1265 | D:3      | Noticed Jessica
  1271 | D:3      | Killed Jessica
  1534 | D:3      | Noticed Sigmund
  1672 | D:3      | Reached skill level 5 in Maces & Flails
  1672 | D:3      | Reached XP level 5. HP: 25/32 MP: 5/5
  1968 | D:4      | Noticed a phantom
  1989 | D:4      | Killed a phantom
  1989 | D:4      | Reached skill level 6 in Maces & Flails
  1989 | D:4      | Reached XP level 6. HP: 34/37 MP: 6/6
  2154 | D:4      | Found a radiant altar of Vehumet.
  2523 | D:5      | Entered Level 5 of the Dungeon
  2538 | D:5      | Found Qosmuasm's Distillery.
  2543 | D:5      | Reached skill level 7 in Maces & Flails
  2548 | D:5      | Bought a potion of poison for 14 gold pieces
  2548 | D:5      | Bought a potion of mutation for 35 gold pieces
  2548 | D:5      | Gained mutation: You are partially covered in rugged brown scales (AC +1, +3% HP). [potion of mutation]
  2548 | D:5      | Gained mutation: Armour fits poorly on your strangely shaped body. [potion of mutation]
  2548 | D:5      | Gained mutation: You have a somewhat thin skeletal structure (Dex +2, Stealth). [potion of mutation]
  2549 | D:5      | Gained mutation: Your mind is acute. (Int +2) [potion of mutation]
  2549 | D:5      | Gained mutation: Your body sometimes deteriorates upon taking damage. [potion of mutation]
  2549 | D:5      | Gained mutation: You have a pair of small antennae on your head. [potion of mutation]
  2573 | D:5      | Mangled by an ogre

Action                   |  1- 3 |  4- 6 || total
-------------------------+-------+-------++-------
Melee: Flail             |   131 |   149 ||   280
       Morningstar       |       |    22 ||    22
  Use: Potion            |       |     3 ||     3
  Eat: Chunk             |     1 |     5 ||     6
